 Dungeon Crawl Stone Soup version 0.26-a0-969-g2c58977ddd (webtiles) character file.

Game seed: 14992279021997903977

952 Jerej03 the Cutter (level 7, 0/56 HPs)
             Began as a Demigod Conjurer on Dec 4, 2020.
             Engulfed by a steam dragon's steam (2 damage)
             ... on level 5 of the Dungeon.
             The game lasted 00:19:05 (4341 turns).

Jerej03 the Cutter (Demigod Conjurer)               Turns: 4341, Time: 00:19:06

Health: 0/56       AC: 13    Str: 12    XL:     7   Next: 59%
Magic:  12/12      EV: 14    Int: 17    God:
Gold:   240        SH: 13    Dex: 16    Spells: 8/9 levels left

rFire    . . .     SeeInvis +   t - +7 rapier "Conservator" {vorpal, rPois rC+ Int-5}
rCold    + . .     Faith    .   j - +0 tower shield
rNeg     . . .     Spirit   .   a - +0 plate armour
rPois    +         Reflect  .   (no helmet)
rElec    .         Harm     .   l - +0 cloak
rCorr    .         Rampage  .   (no gloves)
MR       .....                  r - +0 pair of boots
Stlth    ..........             m - amulet of the acrobat
HPRegen  0.18/turn              p - ring of wizardry
MPRegen  0.13/turn              n - ring of see invisible

@: acrobat
A: high mp 1
a: no special abilities


You were on level 5 of the Dungeon.
You visited 1 branch of the dungeon, and saw 5 of its levels.

You collected 240 gold pieces.

Inventory:

Hand Weapons
 h - a +3 short sword of draining
 t - the +7 rapier "Conservator" (weapon) {vorpal, rPois rC+ Int-5}
   (You found it on level 4 of the Dungeon)

   It inflicts extra damage upon your enemies.
   It affects your intelligence (-5).
   It protects you from cold.
   It protects you from poison.
Missiles
 q - 6 boomerangs (quivered)
Armour
 a - a +0 plate armour (worn)
 j - a +0 tower shield (worn)
 l - a +0 cloak (worn)
 o - a +0 scale mail of magic resistance
 r - a +0 pair of boots (worn)
Jewellery
 m - an amulet of the acrobat (around neck)
 n - a ring of see invisible (right hand)
 p - a ring of wizardry (left hand)
Scrolls
 b - a scroll of noise
 c - a scroll of immolation
 d - 2 scrolls of teleportation
 e - a scroll of amnesia
 f - a scroll of fear
 g - a scroll of blinking
 i - 3 scrolls of identify
 k - 4 scrolls of remove curse
 s - a scroll of magic mapping
Potions
 u - a potion of attraction
 v - 2 potions of brilliance {unknown}
 w - a potion of haste {unknown}


   Skills:
 + Level 2.9 Fighting
 * Level 4.4 Short Blades
 + Level 0.2 Throwing
 + Level 2.4 Armour
 + Level 2.6 Dodging
 + Level 2.1 Stealth
 + Level 3.8 Shields
 + Level 1.8 Spellcasting
 + Level 4.3 Conjurations


You had 8 spell levels left.
You knew the following spells:

 Your Spells              Type           Power        Failure   Level
a - Magic Dart            Conj           ###.         100%        1

Your spell library contained the following spells:

 Spells                   Type           Power        Failure   Level
 Searing Ray              Conj           ###...       100%        2
 Dazzling Flash           Conj/Hex       #.....       100%        3
 Fulminant Prism          Conj/Hex       #.........   100%        4
 Iskenderun's Mystic Bla  Conj/Tloc      #.......     100%        4


Dungeon Overview and Level Annotations

Branches:
Dungeon (5/15)
 Temple: D:4-7


Innate Abilities, Weirdness & Mutations

You have an increased reservoir of magic. (+10% MP)


Message History

You block the centaur's attack.
The centaur hits you but does no damage.
You puncture the centaur!
The centaur is almost dead.
You block the centaur's attack. The steam dragon breathes steam at you.
The ball of steam hits you!
* * * LOW HITPOINT WARNING * * *
You hit the centaur.
You kill the centaur!
You are engulfed in a cloud of scalding steam.
* * * LOW HITPOINT WARNING * * *
You block the steam dragon's attack. The steam dragon claws you.
* * * LOW HITPOINT WARNING * * *
You block the steam dragon's attack. The steam dragon closely misses you.
The steam dragon breathes steam at you. The ball of steam misses you.
Really walk into that cloud of steam?
You are engulfed in a cloud of scalding steam.
You die...

####### .. #.....#
....#.....#
....#.....#
...........#
...............
.......#####..##
......#((?#§@§#
.....#(!)#§.§#
#...#)?$#§§.#
#...#####D..#
#...........#
......#...........#
......#...)[#######
.#... #...)(#
...#+##....(#


You could see a steam dragon (catching breath).

Vanquished Creatures
  Grinder (D:3)
  An ice beast (D:4)
  An ogre (D:4)
  A centaur (D:5)
  A hound (D:4)
  3 orc wizards
  A bullfrog skeleton (D:4)
  An orc priest (D:4)
  A centaur skeleton (D:4)
  Jessica (D:2)
  2 worker ants (D:4)
  Terence (D:3)
  A hound skeleton (D:5)
  5 adders
  A gnoll (D:4)
  A shadow imp (D:5)
  An ooze (D:3)
  3 worms
  A dart slug (D:2)
  7 leopard geckos
  23 orcs
  A ball python (D:2)
  A giant cockroach (D:5)
  9 goblins
  6 hobgoblins
  9 jackals
  11 kobolds
  A quokka (D:4)
  6 bats
  A frilled lizard (D:1)
  5 rats (D:3)
108 creatures vanquished.

Notes
Turn   | Place    | Note
-------+----------+-------------------------------------------
     0 | D:1      | Jerej03 the Demigod Conjurer began the quest for the Orb.
     0 | D:1      | Reached XP level 1. HP: 14/14 MP: 5/5
   822 | D:2      | Found an ornate altar of the Wu Jian Council.
   827 | D:2      | Reached XP level 2. HP: 20/20 MP: 7/7
  1167 | D:2      | Reached XP level 3. HP: 26/26 MP: 8/8
  1217 | D:2      | Noticed Jessica
  1253 | D:2      | Killed Jessica
  1254 | D:2      | Reached skill level 1 in Short Blades
  1254 | D:2      | Reached skill level 1 in Shields
  1479 | D:2      | Reached XP level 4. HP: 33/33 MP: 9/9
  1906 | D:3      | Noticed Terence
  1914 | D:3      | Killed Terence
  1980 | D:3      | Reached skill level 1 in Armour
  2101 | D:3      | Noticed Grinder
  2139 | D:3      | Reached XP level 5. HP: 20/38 MP: 10/10
  2155 | D:3      | Killed Grinder
  2156 | D:3      | Reached skill level 1 in Fighting
  2156 | D:3      | Reached XP level 6. HP: 6/47 MP: 11/11
  2758 | D:3      | Found a white marble altar of Elyvilon.
  3136 | D:4      | Found an iron altar of Okawaru.
  3536 | D:4      | Found a stormy altar of Qazlal.
  3632 | D:4      | Reached XP level 7. HP: 44/52 MP: 12/12
  3726 | D:4      | Found a shadowy altar of Dithmenos.
  3762 | D:4      | Got a pitted rapier
  3775 | D:4      | Identified the +7 rapier "Conservator" {vorpal, rPois rC+
                  | Int-5} (You found it on level 4 of the Dungeon)
  4208 | D:4      | Found a shimmering altar of Xom.
  4260 | D:5      | Entered Level 5 of the Dungeon
  4310 | D:5      | Noticed a steam dragon
  4332 | D:5      | HP: 1/55 [steam dragon (3)]
  4341 | D:5      | Engulfed by a steam dragon's steam

Illustrated notes

Levels and vault maps discovered:
D:1:      psy_arrival_dodecagon, layout_basic, nrook_mini_vaults,
          kennysheep_flooded_box
D:2:      layout_basic, overflow_temple_1_default, uniq_jessica
D:3:      layout_rooms, elyvilon_altar_1, uniq_terence, uniq_grinder
D:4:      layout_basic, okawaru_altar_gauntlet_db,
          lemuel_coloured_pillars_altar, nicolae_qazlal_eye_of_the_storm,
          lemuel_round_altar
D:5:      layout_gridville, temple_hall, serial_glass, glass_columns_a,
          glass_columns_b, glass_columns_b, glass_columns_c, glass_columns_c,
          glass_columns_b, glass_columns_c, glass_columns_a, glass_columns_a,
          glass_columns_b, item_on_display_a, due_unseen_surprise,
          minmay_strange_pillars, gup_sewer_entry_pipe, uniq_menkaure

Skill      XL: |  1  2  3  4  5  6  7 |
---------------+----------------------+-----
Conjurations   | 4 |  4.3
Dodging        | 2 |  2.6
Short Blades   | 1 2 3 4 |  4.4
Shields        | 1 2 3 |  3.8
Armour         | 1 2 |  2.4
Fighting       | 1 2 |  2.9
Stealth        | 2 |  2.1
Throwing       | |  0.2
Spellcasting   | |  1.8

Action                   |  1- 3 |  4- 6 |  7- 9 || total
-------------------------+-------+-------+-------++-------
Melee: Short sword       |    79 |   220 |    24 ||   323
       Rapier            |       |       |    37 ||    37
Throw: Boomerang         |       |     4 |     4 ||     8
 Cast: Magic Dart        |    10 |       |       ||    10
  Use: Potion            |     1 |     2 |       ||     3
       Scroll            |       |    10 |       ||    10
Armor: Leather armour    |    12 |       |       ||    12
       Scale mail        |    26 |    26 |       ||    52
       Plate armour      |       |    63 |    25 ||    88
Dodge: Dodged            |    39 |    34 |     5 ||    78
Block: Tower shield      |    63 |   119 |    43 ||   225

Table legend: (Time is in decaauts)
 A = Elapsed time spent in this place.
 B = Non-inter-level travel time spent in this place.
 C = Inter-level travel time spent in this place.
 D = Time resting spent in this place.
 E = Time spent auto-exploring this place.
 F = Levels seen in this place.
 G = Mean time per level.
                   A        B        C        D        E       F      G
               +--------+--------+--------+--------+--------+-----+--------+
         Total |   4400 |   4246 |    154 |    392 |   2801 |   5 |  880.0 |
       Dungeon |   4400 |   4246 |    154 |    392 |   2801 |   5 |  880.0 |
               +--------+--------+--------+--------+--------+-----+--------+

Top non-repeatable levels by time:
     D:4: 1295 daAuts
     D:2: 1142 daAuts
     D:3: 1095 daAuts
     D:1: 784 daAuts
     D:5: 83 daAuts
